 Dungeon Crawl Stone Soup version 0.30-a0-824-g6c64550be9 (webtiles) character file.

Game seed: 6579116917819652855

162 cforsyth the Sneak (level 5, -1/31 (32) HPs)
             Began as a Kobold Brigand on Feb 27, 2023.
             Slain by an orc
             ... wielding a +0 flail
              (7 damage)
             ... on level 3 of the Dungeon.
             The game lasted 00:03:07 (1806 turns).

cforsyth the Sneak (Kobold Brigand)                 Turns: 1806, Time: 00:03:07

HP:   -1/31 (32)    AC:  4    Str:  8    XL:     5   Next: 71%
MP:   5/5           EV: 15    Int: 13    God:
Gold: 76            SH:  0    Dex: 18    Spells: 4/4 levels left

rFire   . . .      SeeInvis .    m - +2 short sword (vamp)
rCold   . . .      Faith    .    (no shield)
rNeg    . . .      Spirit   .    b - +0 robe
rPois   .          Reflect  .    (no helmet)
rElec   .          Harm     .    c - +0 cloak
rCorr   .          Rampage  .    j - +0 pair of gloves
Will    .....                    (no boots)
Stlth   +++++                    (no amulet)
HPRegen 0.25/turn                (no ring)
MPRegen 0.09/turn                (no ring)

@: lightly drained
A: small, no large weapons, nightstalker 3
a: no special abilities


You were on level 3 of the Dungeon.
You visited 1 branch of the dungeon, and saw 3 of its levels.

You collected 76 gold pieces.

Inventory:

Hand Weapons
 a - a +2 dagger
 k - a +1 short sword of speed
 m - a +2 vampiric short sword (weapon)
Missiles
 d - 10 poisoned darts (quivered)
 e - 3 curare-tipped darts
Armour
 b - a +0 robe (worn)
 c - a +0 cloak (worn)
 j - a +0 pair of gloves (worn)
Scrolls
 f - 2 scrolls of noise {unknown}
 g - 2 scrolls of identify {unknown}
 i - 2 scrolls of immolation {unknown}
 l - a scroll of silence {unknown}
Potions
 h - a potion of curing {unknown}
 n - a potion of degeneration {unknown}


   Skills:
 + Level 3.5 Fighting
 + Level 4.3 Short Blades
 - Level 2.1 Throwing
 + Level 3.1 Dodging
 + Level 6.5 Stealth


You had 4 spell levels left.
You didn't know any spells.
Your spell library contained the following spells:

 Spells                   Type           Power      Damage    Failure   Level
 Magic Dart               Conj           0%         1d3       30%         1
 Call Imp                 Summ           0%         N/A       43%         2
 Mephitic Cloud           Conj/Pois/Air  0%         N/A       67%         3
 Summon Guardian Golem    Hex/Summ       0%         N/A       67%         3
 Orb of Destruction       Conj           0%         9d5       100%        7
 Spellforged Servitor     Conj/Summ      0%         N/A       100%        7


Dungeon Overview and Level Annotations

Branches:
Dungeon (3/15)

Altars:


Innate Abilities, Weirdness & Mutations

You are small and have problems with some larger weapons.
You are completely attuned to the shadows.


Message History

The orc priest is moderately wounded.
The quokka misses you. The jackal barely misses you.
The orc priest miscasts a cantrip.
The orc hits you with a +0 flail! The orc misses you.
The goblin shoots a sling bullet.
The sling bullet barely misses you.
The sling bullet hits the jackal.
You hit the jackal.
You feel better.
You kill the jackal!
The quokka barely misses you. The orc barely misses you.
The orc priest hits you with a +0 dagger of draining.
You feel drained. The orc barely misses you.
The goblin shoots a sling bullet.
The sling bullet misses you.
You hit the orc priest.
You feel better.
The orc priest is moderately wounded.
The quokka barely misses you. The orc closely misses you.
The orc priest closely misses you. The orc hits you with a +0 club.
A ball python comes into view.
You hit the orc priest.
You feel better.
The orc priest is heavily wounded.
The quokka misses you. The hobgoblin attacks as you move away!
The hobgoblin closely misses you. The orc attacks as you move away!
The orc hits you with a +0 flail. The orc hits you with a +0 club.
The quokka bites you. The orc barely misses you.
The orc attacks as you move away! The orc barely misses you.
The orc attacks as you move away! The orc hits you with a +0 club.
The orc attacks as you move away! The orc hits you with a +0 flail.
* * * LOW HITPOINT WARNING * * *
The quokka attacks as you move away! The quokka bites you.
* * * LOW HITPOINT WARNING * * *
The quokka attacks as you move away! The quokka misses you.
The orc priest casts a cantrip, but nothing happens.
You see here a bat corpse.
Okay, then.
The quokka attacks as you move away! The quokka closely misses you.
The quokka completely misses you. The quokka attacks as you move away!
The quokka misses you. The orc attacks as you move away!
The orc closely misses you. The orc attacks as you move away!
The orc hits you with a +0 flail!
You die...

..................
........#.##......
..................
#####.....####.... ##...#.
....... ##....# ####...
#######<.......####...
......................
......##.......@###.............
..........#####o.##..............
...........g.oor.................
......†.....Sg...#........###....
....†......†g.............# #....
.")..............#........# ##...
....†............##.......# #..#
...)...#.........##.####### #...
.........†...†...# .. ##..


You could see an orc priest, 2 orcs, a quokka, a hobgoblin, a goblin and a ball
python.

Vanquished Creatures
  Jessica (D:2)
  6 adders
  3 dart slugs
  3 orcs (D:3)
  8 bats
  3 endoplasms
  5 giant cockroaches
  8 goblins
  6 hobgoblins
  8 jackals
  5 kobolds
  2 quokkas
  A ball python (D:2)
  5 frilled lizards
  5 rats
69 creatures vanquished.

Notes
Turn   | Place    | Note
-------+----------+-------------------------------------------
     0 | D:1      | cforsyth the Kobold Brigand began the quest for the Orb.
     0 | D:1      | Reached XP level 1. HP: 12/12 MP: 1/1
   105 | D:1      | Reached XP level 2. HP: 18/18 MP: 2/2
   448 | D:1      | Reached XP level 3. HP: 22/22 MP: 3/3
   910 | D:2      | Reached XP level 4. HP: 21/27 MP: 4/4
  1013 | D:2      | Reached skill level 6 in Stealth
  1231 | D:2      | Noticed Jessica
  1235 | D:2      | Killed Jessica
  1236 | D:2      | Reached XP level 5. HP: 32/32 MP: 5/5
  1806 | D:3      | Slain by an orc

Illustrated notes

Levels and vault maps discovered:
D:1:      psy_arrival_radial01, layout_rooms
D:2:      layout_rooms, hex_tiny, kennysheep_generic_room_9, uniq_jessica
D:3:      layout_rooms, nicolae_qazlal_eye_of_the_storm,
          dreamdust_ecumenical_altar_hidden_monk_grotto, uniq_sigmund

Skill      XL: |  1  2  3  4  5 |
---------------+----------------+-----
Short Blades   | 3 4 |  4.3
Dodging        | 2 3 |  3.1
Fighting       | 3 |  3.5
Stealth        | 6 |  6.5
Throwing       | |  2.1

Action                     |  1- 3 |  4- 6 || total
---------------------------+-------+-------++-------
  Melee: Dagger            |    52 |       ||    52
         Short sword       |     8 |   105 ||   113
         Punch             |       |     1 ||     1
  Throw: Dart              |     1 |       ||     1
    Use: Potion            |       |     2 ||     2
   Stab: Sleeping          |    14 |    23 ||    37
         Distracted        |       |     1 ||     1
 Armour: Robe              |     4 |     9 ||    13
  Dodge: Dodged            |    26 |    79 ||   105

Table legend: (Time is in decaauts)
 A = Elapsed time spent in this place.
 B = Non-inter-level travel time spent in this place.
 C = Inter-level travel time spent in this place.
 D = Time resting spent in this place.
 E = Time spent auto-exploring this place.
 F = Levels seen in this place.
 G = Mean time per level.
                   A        B        C        D        E       F      G
               +--------+--------+--------+--------+--------+-----+--------+
         Total |   1750 |   1659 |     91 |    165 |   1116 |   3 |  583.3 |
       Dungeon |   1750 |   1659 |     91 |    165 |   1116 |   3 |  583.3 |
               +--------+--------+--------+--------+--------+-----+--------+

Top non-repeatable levels by time:
     D:1: 891 daAuts
     D:2: 626 daAuts
     D:3: 231 daAuts
